 Dungeon Crawl Stone Soup version 0.30.1-11-g7821555f0a (webtiles) character file.

Game seed: 17949750621791790309

30277 Marvel the Severer (level 13, -4/122 HPs)
             Began as a Hill Orc Fighter on Dec 27, 2023.
             Was an Elder of Beogh.
             Killed from afar by Azrael (32 damage)
             ... with damnation
             ... on level 13 of the Dungeon.
             The game lasted 00:30:26 (14415 turns).

Marvel the Severer (Hill Orc Fighter)              Turns: 14415, Time: 00:30:27

Health: -4/122     AC: 20    Str: 30    XL:     13   Next: 50%
Magic:  13/13      EV: 13    Int:  8    God:    Beogh [****..]
Gold:   782        SH:  5    Dex: 10    Spells: 12/12 levels left

rFire   . . .        H - +6 broad axe (flame)
rCold   . . .        c - +0 buckler
rNeg    . . .        u - +1 plate armour
rPois   .            (no helmet)
rElec   .            w - +0 cloak
rCorr   .            (no gloves)
SInv    .            (no boots)
Will    .....        (no amulet) Stlth
                     P - +6 ring of strength
HPRegen 0.40/turn    A - +5 ring of evasion
MPRegen 0.13/turn

%: no passive effects
@: no status effects
A: talons 1, iridescent scales 1
a: Renounce Religion, Smiting, Recall Orcish Followers


You were on level 13 of the Dungeon.
You worshipped Beogh.
Beogh was greatly pleased with you.
You visited 1 branch of the dungeon, and saw 13 of its levels.
You also visited: Bailey.

You collected 782 gold pieces.

Inventory:

Hand Weapons
 a - a +0 war axe
 r - the +2 short sword "Vochocs" {elec, Int+2}
   (You took it off an orc on level 3 of the Dungeon)

   Int:       It affects your intelligence (+2).
 H - a +6 broad axe of flaming (weapon)
 M - a +0 shortbow
Missiles
 E - 24 poisoned darts
 N - 23 boomerangs (quivered)
 S - 4 throwing nets
Armour
 c - a +0 buckler (worn)
 u - a +1 plate armour (worn)
 w - a +0 cloak (worn)
Jewellery
 x - a ring of magical power
 y - a ring of wizardry
 A - a +5 ring of evasion (right hand)
 I - a +6 ring of intelligence
 J - a ring of see invisible
 P - a +6 ring of strength (left hand)
 Q - a ring of positive energy
Wands
 f - a wand of roots (21)
 s - a wand of acid (11)
 v - a wand of polymorph (31)
 B - a wand of paralysis (6)
 R - a wand of digging (1)
Scrolls
 g - a scroll of silence {unknown}
 i - 6 scrolls of enchant weapon {unknown}
 j - 3 scrolls of teleportation {unknown}
 k - a scroll of summoning
 m - 2 scrolls of poison
 n - 4 scrolls of blinking {unknown}
 o - 3 scrolls of vulnerability {unknown}
 q - 4 scrolls of magic mapping
 z - 12 scrolls of identify
 C - 3 scrolls of immolation
 F - a scroll of amnesia
 O - 2 scrolls of enchant armour
 T - a scroll of fog
Potions
 b - a potion of invisibility {unknown}
 d - a potion of might
 e - 3 potions of curing
 h - 2 potions of brilliance {unknown}
 l - 3 potions of haste {unknown}
 p - 2 potions of ambrosia {unknown}
 t - a potion of lignification
 D - 2 potions of magic
 G - 2 potions of flight {unknown}
 K - a potion of experience
 L - a potion of berserk rage
 U - a potion of resistance
 V - a potion of heal wounds


   Skills:
 + Level 13.3 Fighting
 + Level 18.8 Axes
 + Level 1.7 Throwing
 + Level 13.1 Armour
 + Level 7.6 Shields
 + Level 0.8 Invocations
 + Level 1.4 Evocations


You had 12 spell levels left.
You didn't know any spells.
Your spell library contained the following spells:

 Spells                   Type           Power      Damage    Failure   Level
 Blink                    Tloc           0%         N/A       99%         2
 Dazzling Flash           Conj/Hex       0%         N/A       100%        3
 Volatile Blastmotes      Fire/Tloc      0%         2d10      100%        3
 Iskenderun's Mystic Bla  Conj/Tloc      0%         2d3       100%        4
 Manifold Assault         Tloc           0%         N/A       100%        4
 Starburst                Conj/Fire      0%         6d3       100%        6
 Storm Form               Tmut/Air       0%         N/A       100%        7


Dungeon Overview and Level Annotations

Branches:
Dungeon (13/15)            Temple (0/1) D:5            Lair (0/5) D:10
    Orc (0/2) D:10         Bailey (visited)
 Vaults: D:13-14

Altars:
Dithmenos
Elyvilon
Hepliaklqana
Kikubaaqudgha
Ru
The Shining One

Annotations:
D:13 Azrael


Innate Abilities, Weirdness & Mutations

You have sharp toenails.
You are partially covered in iridescent scales. (AC +2)


Message History

You slash the fire elemental!
The fire elemental is almost destroyed.
The fire elemental closely misses you. Azrael gestures at you.
The bolt of fire hits Nordag!
The bolt of fire hits you.
Nordag hits Azrael with a +0 mace!
You closely miss the fire elemental.
The fire elemental is almost destroyed.
Azrael hits Nordag with a +0 scimitar of flaming.
Azrael burns Nordag.
Nordag hits Azrael with a +0 mace.
The fire elemental hits you. The fire elemental burns you!
The fire elemental hits Nordag.
The fire elemental burns Nordag!
You slice the fire elemental!!
You destroy the fire elemental!
Beogh accepts your kill.
Azrael hits Nordag with a +0 scimitar of flaming.
Azrael burns Nordag.
Nordag hits Azrael with a +0 mace!
You hit the fire elemental. You claw the fire elemental.
The fire elemental is moderately damaged.
The fire elemental hits you. The fire elemental burns you!
Azrael hits Nordag with a +0 scimitar of flaming.
Azrael burns Nordag.
Nordag barely misses Azrael.
You slice the fire elemental!!
You destroy the fire elemental!
Beogh accepts your kill.
You slash the fire elemental!
The fire elemental is moderately damaged.
Azrael barely misses Nordag.
Nordag hits Azrael with a +0 mace!
The fire elemental barely misses you.
The fire elemental barely misses Nordag.
You open the fire elemental like a pillowcase!!!
You destroy the fire elemental!
Beogh accepts your kill.
Azrael closely misses Nordag.
Nordag hits Azrael with a +0 mace.
The fire elemental hits you. The fire elemental burns you!
The fire elemental hits you. The fire elemental burns you!
* * * LOW HITPOINT WARNING * * *
Azrael gestures at you.
The sphere of damnation explodes!
The damnation engulfs you!!
You die...

... #..... ..
...... .####. #.
...... ..... #.
....# .... ##. ....
#°.#. #.. #..
°°##.. ##.# #.)#ER#
#.# #..# #.@o# #.##
##.## #..##
#..####.## ##.##
##...#..#
#...#####......##
#......#.......# #
#...##.^.....#o####
#..####..#..###.#..
##.# #..#o.# ##...
### #.#..## #...


You could see Azrael (ally target), a fire elemental and the friendly Nordag the
orc knight.

Vanquished Creatures
  Kirke (D:12)
  An orc warlord (Bailey)
  Harold (D:10)
  Erica (D:10)
  A two-headed ogre (D:10)
  3 centaur warriors (D:13)
  A tengu warrior (D:13)
  3 death yaks
  3 skeletal warriors (D:11)
  Pikel (D:4)
  An orc knight (Bailey)
  An ugly thing (D:12)
  3 manticores
  2 cyclopes
  2 gargoyles
  An unseen horror (D:13)
  Maggie (D:6)
  An efreet (D:13)
  3 trolls
  A hornet (D:9)
  Grinder (D:3)
  A centaur simulacrum (D:13)
  3 wyverns
  A slime creature (D:12)
  Sigmund (D:2)
  3 wraiths
  A basilisk (D:13)
  3 fire elementals (D:13)
  20 yaks
  Grum (D:9)
  A steam dragon (D:9)
  4 hogs (D:12)
  Menkaure (D:7)
  Edmund (D:4)
  3 vampire mosquitoes (D:11)
  4 acid dragons
  2 hell hounds (D:13)
  2 water moccasins
  10 orc warriors
  An ice beast (shapeshifter) (D:13)
  A sky beast (D:8)
  3 ice beasts
  3 black bears
  2 ogres
  2 wolves (D:9)
  5 centaurs
  3 lemures
  2 kobold brigands
  A scorpion (D:5)
  13 wights
  10 killer bees
  5 electric eels (D:9)
  3 howler monkeys (D:10)
  3 hounds
  A jelly (D:5)
  Crazy Yiuf (D:6)
  3 gnoll boudas
  12 orc priests
  A sleepcap (D:6)
  4 iguanas
  Terence (D:2)
  Jessica (D:2)
  4 hell rats (D:10)
  Natasha (twice) (D:4)
  15 orc wizards
  22 gnolls
  7 adders
  A river rat (D:10)
  A shadow imp (D:5)
  A white imp (D:13)
  2 dart slugs
  59 orcs
  6 ball pythons
  8 endoplasms
  5 giant cockroaches
  7 goblins
  11 hobgoblins
  3 jackals (D:3)
  24 kobolds
  3 quokkas
  6 bats
  A frilled lizard (D:1)
  8 rats
372 creatures vanquished.

Vanquished Creatures (collateral kills)
  A rakshasa (D:13)
  Erolcha (D:9)
  2 skeletal warriors (D:11)
  A cyclops (D:12)
  A slime creature (D:12)
  An unseen horror (D:12)
  2 trolls
  A wraith (D:11)
  A yak (D:11)
  2 hogs (D:12)
  An ufetubus (D:13)
14 creatures vanquished.

Vanquished Creatures (others)
  An orc sorcerer (D:13)
  A hell hound (D:13)
  A bullfrog (D:9)
  An orc priest (D:7)
  3 orcs
7 creatures vanquished.

Grand Total: 393 creatures vanquished

Notes
Turn   | Place    | Note
-------+----------+-------------------------------------------
     0 | D:1      | Marvel the Hill Orc Fighter began the quest for the Orb.
     0 | D:1      | Reached XP level 1. HP: 19/19 MP: 1/1
   148 | D:1      | Reached XP level 2. HP: 24/27 MP: 2/2
   587 | D:1      | Reached skill level 3 in Axes
   674 | D:2      | Noticed Sigmund
   689 | D:2      | Killed Sigmund
   690 | D:2      | Reached skill level 4 in Axes
   690 | D:2      | Reached XP level 3. HP: 25/35 MP: 3/3
   690 | D:2      | Reached XP level 4. HP: 30/41 MP: 4/4
   690 | D:2      | Reached XP level 5. HP: 34/47 MP: 5/5
   754 | D:2      | Noticed Terence
   763 | D:2      | Killed Terence
   963 | D:2      | Reached skill level 5 in Fighting
  1093 | D:2      | Noticed Jessica
  1098 | D:2      | Killed Jessica
  1099 | D:2      | Reached XP level 6. HP: 56/56 MP: 6/6
  1416 | D:3      | Identified the +1 spear "Moaclen" {heavy, Int+3}
  1450 | D:3      | Reached skill level 5 in Axes
  1507 | D:3      | Noticed Grinder
  1513 | D:3      | Paralysed by Grinder for 3 turns
  1523 | D:3      | Gained mutation: You are partially covered in iridescent
                  | scales. (AC +2) [potion of mutation]
  1523 | D:3      | Gained mutation: You have sharp toenails. [potion of
                  | mutation]
  1535 | D:3      | Paralysed by Grinder for 4 turns
  1540 | D:3      | Killed Grinder
  1541 | D:3      | Reached skill level 6 in Axes
  1541 | D:3      | Reached skill level 5 in Armour
  1541 | D:3      | Reached XP level 7. HP: 25/61 MP: 7/7
  1731 | D:3      | Identified the +2 short sword "Vochocs" {elec, Int+2}
  2193 | D:4      | Noticed Pikel
  2217 | D:3      | HP: 1/61 [lemure[Pikel] (5)]
  2432 | D:4      | Found a hazy altar of Hepliaklqana.
  2475 | D:4      | Reached skill level 7 in Axes
  2524 | D:4      | Noticed Edmund
  2543 | D:4      | Killed Edmund
  2749 | D:4      | Killed Pikel
  2750 | D:4      | Reached skill level 8 in Axes
  2750 | D:4      | Reached XP level 8. HP: 16/71 MP: 8/8
  2991 | D:4      | Reached skill level 9 in Axes
  3011 | D:4      | Found a glowing golden altar of the Shining One.
  3019 | D:4      | Noticed Natasha
  3025 | D:4      | Killed Natasha
  3358 | D:4      | Noticed Natasha
  3362 | D:4      | Killed Natasha
  3407 | D:5      | Entered Level 5 of the Dungeon
  3664 | D:5      | Reached skill level 5 in Shields
  3664 | D:5      | Reached XP level 9. HP: 77/79 MP: 9/9
  3967 | D:5      | Reached skill level 10 in Axes
  3985 | D:5      | Found a staircase to the Ecumenical Temple.
  4189 | D:6      | Noticed Maggie
  4211 | D:6      | Killed Maggie
  4391 | D:6      | Reached skill level 11 in Axes
  4800 | D:6      | Found a runed translucent door.
  4810 | D:6      | Noticed Crazy Yiuf
  4821 | D:6      | Killed Crazy Yiuf
  4965 | D:7      | Noticed Menkaure
  5153 | D:7      | Reached skill level 12 in Axes
  5206 | D:7      | Found a flagged portal.
  5305 | D:7      | Reached XP level 10. HP: 87/88 MP: 10/10
  5312 | Bailey   | Entered a bailey
  5330 | Bailey   | Noticed an orc warlord
  5402 | Bailey   | Noticed an orc knight
  5416 | Bailey   | Killed an orc knight
  5869 | Bailey   | Found a runed translucent gate.
  5881 | Bailey   | Found a runed translucent gate.
  5882 | Bailey   | Found a runed translucent gate.
  6020 | Bailey   | Killed an orc warlord
  6021 | Bailey   | Reached skill level 13 in Axes
  6401 | D:7      | Killed Menkaure
  6402 | D:7      | Reached skill level 1 in Evocations
  6432 | D:7      | Became a worshipper of Beogh the Brigand
  6666 | D:7      | Reached skill level 1 in Throwing
  6943 | D:7      | Found a white marble altar of Elyvilon.
  7603 | D:8      | Found an ancient bone altar of Kikubaaqudgha.
  7671 | D:8      | Reached skill level 14 in Axes
  7763 | D:8      | You fall into a shaft and drop 2 floors!
  7763 | D:10     | Entered Level 10 of the Dungeon
  7766 | D:10     | Noticed Erica
  7778 | D:9      | Reached * piety under Beogh
  7805 | D:9      | Noticed Erolcha
  7844 | D:9      | Killed Erolcha
  7845 | D:9      | Reached XP level 11. HP: 25/99 MP: 11/11
  8088 | D:9      | Noticed Grum
  8102 | D:9      | Reached skill level 10 in Fighting
  8110 | D:9      | Killed Grum
  8355 | D:9      | Reached skill level 15 in Axes
  8561 | D:9      | Reached ** piety under Beogh
  8880 | D:9      | Found a sacrificial altar of Ru.
  9125 | D:9      | Reached skill level 10 in Armour
 10004 | D:10     | Killed Erica
 10078 | D:10     | Noticed a death yak
 10079 | D:10     | Noticed a death yak
 10079 | D:10     | Noticed a death yak
 10105 | D:9      | Killed a death yak
 10272 | D:9      | Killed a death yak
 10273 | D:9      | Reached skill level 16 in Axes
 10347 | D:10     | Killed a death yak
 10490 | D:10     | Found a staircase to the Lair.
 10513 | D:10     | Noticed a two-headed ogre
 10524 | D:10     | Killed a two-headed ogre
 10525 | D:10     | Reached XP level 12. HP: 83/110 MP: 12/12
 10676 | D:10     | Found a staircase to the Orcish Mines.
 10933 | D:10     | Noticed Harold
 10943 | D:10     | Killed Harold
 10965 | D:10     | Reached *** piety under Beogh
 11125 | D:10     | Found a shadowy altar of Dithmenos.
 11188 | D:10     | Reached skill level 17 in Axes
 12725 | D:11     | Reached skill level 18 in Axes
 13380 | D:12     | Noticed Kirke
 13384 | D:12     | Reached XP level 13. HP: 110/119 MP: 13/13
 13393 | D:12     | Killed Kirke
 13938 | D:13     | Reached **** piety under Beogh
 13964 | D:13     | Noticed a rakshasa
 13973 | D:13     | Killed a rakshasa
 14050 | D:13     | Gained Nordag as an ally
 14397 | D:13     | Noticed Azrael
 14415 | D:13     | Killed from afar by Azrael

Illustrated notes

Levels and vault maps discovered:
D:1:      lemuel_arrival_rhombus, layout_basic, chequers_decorated_corner
D:2:      layout_rooms, uniq_jessica, uniq_terence, uniq_sigmund
D:3:      layout_basic, uniq_grinder
D:4:      layout_rooms, mainiacjoe_overflow_small_starburst,
          mainiacjoe_overflow_brackets, uniq_pikel, uniq_natasha, uniq_edmund
D:5:      layout_basic, minmay_temple_entry_poolview
D:6:      layout_basic, uniq_maggie, uniq_crazy_yiuf_cottage
D:7:      layout_basic, kennysheep_mini_moat, enter_bailey_3, uniq_menkaure
D:8:      layout_cave_pods, lemuel_crystal_altar
D:9:      layout_loops_ring, nicolae_ru_great_annihilating_truth, serial_bayou,
          serial_bayou_pond_e, serial_bayou_pond_b, serial_bayou_lake_a,
          serial_bayou_shore_a, chequers_serial_rivers_micro_a, uniq_erolcha,
          uniq_grum
D:10:     layout_basic, nicolae_dithmenos_shadow_blocks, dpeg_lair_monsters,
          david_orc_2, uniq_erica, uniq_harold
D:11:     layout_gridville, lightli_orcish_oven
D:12:     layout_basic, uniq_kirke
D:13:     layout_layer_cave, erik_vaults_1, serial_ice, serial_ice_k,
          serial_ice_g, serial_ice_e, serial_ice_a, portal_ice_cave_entry_imps,
          minivault_1, minmay_shattered_shrine, uniq_frances, uniq_azrael

Skill      XL: |  1  2  3  4  5  6  7  8  9 10 11 12 13 |
---------------+----------------------------------------+-----
Fighting       | 4 5 6 7 8 9 11 12 13 | 13.3
Axes           | 4 6 8 9 12 14 16 18 | 18.8
Armour         | 4 5 6 7 8 9 10 12 13 | 13.1
Shields        | 4 5 6 7 |  7.6
Evocations     | 1 |  1.4
Throwing       | 1 |  1.7
Invocations    | |  0.8

Action                     |  1- 3 |  4- 6 |  7- 9 | 10-12 | 13-15 || total
---------------------------+-------+-------+-------+-------+-------++-------
  Melee: War axe           |    47 |    91 |   366 |    77 |       ||   581
         Kick              |       |     1 |    97 |   138 |    31 ||   267
         Broad axe         |       |       |       |   431 |    89 ||   520
  Throw: Boomerang         |       |       |       |     9 |       ||     9
 Invoke: Convert to Beogh  |       |       |       |     1 |       ||     1
         Smiting           |       |       |       |     1 |       ||     1
  Evoke: Wand              |       |       |     2 |     4 |       ||     6
    Use: Potion            |     1 |     1 |     2 |     8 |       ||    12
         Scroll            |       |       |     1 |    11 |     1 ||    13
   Stab: Paralysed         |       |       |       |     1 |       ||     1
         Distracted        |       |       |       |     2 |       ||     2
 Armour: Scale mail        |    24 |    43 |    30 |       |       ||    97
         Plate armour      |       |       |   171 |   193 |    77 ||   441
  Dodge: Dodged            |    21 |    33 |   127 |   223 |    43 ||   447
  Block: Buckler           |     8 |    14 |    85 |    94 |    21 ||   222
